 Dungeon Crawl Stone Soup version 0.28-a0-410-gbef64dd269 (webtiles) character file.

Game seed: 2239565742929393665

275 Demosthentine the Poker (level 6, -4/72 HPs)
             Began as a Merfolk Gladiator on Sept 6, 2021.
             Slain by a bullfrog (5 damage)
             ... in a sewer.
             The game lasted 00:04:20 (3934 turns).

Demosthentine the Poker (Merfolk Gladiator)         Turns: 3934, Time: 00:04:21

Health: -4/72      AC:  4    Str: 16    XL:     6   Next: 24%
Magic:  6/6        EV: 14    Int:  8    God:
Gold:   104        SH:  0    Dex: 15    Spells: 5/5 levels left

rFire   + . .      SeeInvis .   a - +0 trident
rCold   . . .      Faith    .   (no shield)
rNeg    . . .      Spirit   .   b - +0 leather armour
rPois   .          Reflect  .   c - +0 helmet
rElec   .          Harm     .   (no cloak)
rCorr   .          Rampage  .   (no gloves)
Will    .....      Rnd*Rage +   (boots currently unavailable)
Stlth   ..........              (no amulet)
HPRegen 0.22/turn               (no ring)
MPRegen 0.10/turn               (no ring)

@: brilliant, berserking, constricted, very quick
A: nimble swimmer 2, mertail, berserk 2, fire resistance 1, evolution 1
a: no special abilities


You were in a sewer.
You visited 1 branch of the dungeon, and saw 3 of its levels.
You also visited: Sewer.

You collected 104 gold pieces.

Inventory:

Hand Weapons
 a - a +0 trident (weapon)
Missiles
 d - 3 throwing nets (quivered)
Armour
 b - a +0 leather armour (worn)
 c - a +0 helmet (worn)
Jewellery
 m - a ring of resist corrosion
Wands
 j - a wand of iceblast (7)
 l - a wand of acid (8)
Scrolls
 e - a scroll of teleportation
 h - a scroll of blinking {unknown}
 i - 2 scrolls of identify
 k - a scroll of fog
 n - 2 scrolls of fear {unknown}
 o - a scroll of enchant weapon {unknown}
 p - a scroll of enchant armour {unknown}
Potions
 g - a potion of attraction
 q - a potion of haste {unknown}
 r - a potion of mutation
 s - a potion of heal wounds {unknown}


   Skills:
 + Level 3.9 Fighting
 + Level 6.1 Polearms
 - Level 2.0 Throwing
 + Level 2.0 Armour
 + Level 5.7 Dodging


You had 5 spell levels left.
You didn't know any spells.
Your spell library was empty.

Dungeon Overview and Level Annotations

Branches:
Dungeon (3/15)              Sewer (1/1)

Altars:
Trog


Innate Abilities, Weirdness & Mutations

You are quick and stealthy near water. (Stealth+, EV+, Speed+++)
Your lower body shifts to a powerful aquatic tail in water.
You often lose your temper in combat.
Your flesh is heat resistant. (rF+)
You have hidden genetic potential.


Message History

The ball python barely misses you.
Unknown command.
The bullfrog hits you.
* * * LOW HITPOINT WARNING * * *
It was a potion of brilliance.
You feel clever all of a sudden. The bullfrog hits you.
* * * LOW HITPOINT WARNING * * *
The ball python barely misses you. The ball python completely misses you.
It was a potion of mutation.
You feel extremely strange.
You feel a hidden potential growing inside you.
You feel a little pissed off.
You feel angry.
You feel resistant to heat.
The bullfrog hits you but does no damage.
The bullfrog closely misses you.
Unknown command.
Throw: 3 throwing nets
Press: ? - help, Q - select action, (/) - cycle Shift-Dir - straight line, f - bullfrog
Aim: a bullfrog (53% to hit)
Okay, then.
A red film seems to cover your vision as you go berserk!
You feel yourself moving faster!
You feel mighty!
You puncture the bullfrog!
You kill the bullfrog!
The bullfrog misses you.
The endoplasm jiggles.
The adder completely misses you. The ball python barely misses you.
The ball python grabs you. The ball python constricts you.
* * * LOW HITPOINT WARNING * * *
The bullfrog closely misses you.
Your Polearms skill increases to level 6!
Your Armour skill increases to level 2!
You have reached level 6!
Your experience leads to an increase in your attributes!
Increase (S)trength, (I)ntelligence, or (D)exterity?
You feel stronger.
You puncture the bullfrog!
The bullfrog is moderately wounded.
The adder bites you.
* * * LOW HITPOINT WARNING * * *
The bullfrog hits you.
You die...

################### ###
###.#≈≈≈≈≈≈≈@Fl≈≈≈J≈#...#
##...≈≈≈≈≈≈#≈SSJ≈≈≈≈≈≈....
#....≈≈≈≈≈≈≈≈≈≈≈≈≈≈≈≈†.†..
#.....≈≈≈≈≈≈≈≈≈≈≈≈≈≈#≈....
##....≈≈≈≈≈≈≈≈≈≈≈≈≈≈≈≈≈....
#.....#≈≈≈≈≈≈≈≈≈≈≈≈≈≈≈#...#
#....################## #+
##...#### #....#..#


You could see a bullfrog, an adder, 2 endoplasms, a ball python and a frilled
lizard.

Vanquished Creatures
  A bullfrog (Sewer)
  An orc priest (D:3)
  5 adders
  5 river rats (Sewer)
  A dart slug (D:3)
  3 orcs (D:3)
  4 bats
  7 endoplasms
  3 giant cockroaches
  11 goblins
  4 hobgoblins
  3 jackals (D:3)
  5 kobolds
  2 quokkas
  7 ball pythons (Sewer)
  7 frilled lizards
  26 rats
95 creatures vanquished.

Notes
Turn   | Place    | Note
-------+----------+-------------------------------------------
     0 | D:1      | Demosthentine the Merfolk Gladiator began the quest for the
                  | Orb.
     0 | D:1      | Reached XP level 1. HP: 16/16 MP: 1/1
   254 | D:1      | Reached XP level 2. HP: 23/23 MP: 2/2
   759 | D:1      | Reached XP level 3. HP: 25/28 MP: 3/3
  1454 | D:2      | Found a faded altar of an unknown god.
  1460 | D:2      | Reached skill level 5 in Polearms
  2292 | D:3      | Reached skill level 1 in Armour
  2355 | D:3      | Reached XP level 4. HP: 20/34 MP: 4/4
  2690 | D:3      | Reached skill level 5 in Dodging
  2744 | D:3      | Found a bloodstained altar of Trog.
  2774 | D:3      | Found a glowing drain.
  2783 | Sewer    | Entered a sewer
  2987 | Sewer    | Reached XP level 5. HP: 41/41 MP: 5/5
  3031 | Sewer    | HP: 1/41 [frozen (5)]
  3042 | Sewer    | HP: 2/41 [poisoned by an adder]
  3932 | Sewer    | Gained mutation: You have hidden genetic potential. [potion
                  | of mutation]
  3932 | Sewer    | Gained mutation: You tend to lose your temper in combat.
                  | [potion of mutation]
  3932 | Sewer    | Gained mutation: You often lose your temper in combat.
                  | [potion of mutation]
  3932 | Sewer    | Gained mutation: Your flesh is heat resistant. (rF+)
                  | [potion of mutation]
  3934 | Sewer    | Reached skill level 6 in Polearms
  3934 | Sewer    | Reached XP level 6. HP: 5/48 MP: 6/6
  3934 | Sewer    | HP: 1/72 [adder (4)]
  3934 | Sewer    | Slain by a bullfrog

Illustrated notes

Levels and vault maps discovered:
D:1:      minmay_arrival_jagged, layout_basic
D:2:      layout_loops_ring, dreamdust_ecumenical_altar_hidden_monk_grotto,
          minmay_goblin_outpost
D:3:      layout_basic, mainiacjoe_overflow_tiny_flanked, portal_sewer_entry_d,
          minmay_misc_feat_square, uniq_crazy_yiuf_cottage, uniq_terence
Sewer:    sewer_minmay_w

Skill      XL: |  1  2  3  4  5 |
---------------+----------------+-----
Polearms       | 5 6 |  6.1
Armour         | 1 2 |  2.0
Fighting       | 3 |  3.9
Dodging        | 5 |  5.7
Throwing       | |  2.0

Action                   |  1- 3 |  4- 6 || total
-------------------------+-------+-------++-------
Melee: Trident           |   131 |   180 ||   311
       Tailslap          |       |    18 ||    18
Evoke: Wand              |       |     2 ||     2
  Use: Scroll            |     7 |       ||     7
       Potion            |       |     3 ||     3
 Stab: Sleeping          |     3 |     1 ||     4
Armor: Leather armour    |    27 |    32 ||    59
Dodge: Dodged            |    62 |   221 ||   283

Table legend: (Time is in decaauts)
 A = Elapsed time spent in this place.
 B = Non-inter-level travel time spent in this place.
 C = Inter-level travel time spent in this place.
 D = Time resting spent in this place.
 E = Time spent auto-exploring this place.
 F = Levels seen in this place.
 G = Mean time per level.
                   A        B        C        D        E       F      G
               +--------+--------+--------+--------+--------+-----+--------+
         Total |   3904 |   3842 |     62 |    549 |   2458 |   4 |  976.0 |
       Dungeon |   2786 |   2724 |     62 |      0 |   2065 |   3 |  928.7 |
         Sewer |   1117 |   1117 |      0 |    549 |    393 |   1 | 1117.0 |
               +--------+--------+--------+--------+--------+-----+--------+

Top non-repeatable levels by time:
     D:2: 1193 daAuts
   Sewer: 1117 daAuts
     D:1: 1037 daAuts
     D:3: 555 daAuts
